 Dungeon Crawl Stone Soup version 0.31.0-32-g396128a36d (webtiles) character file.

Game seed: 8918370648790109498

23555 GiantSquids the Executioner (level 13, -27/166 HPs)
             Began as a Hill Orc Berserker on Apr 19, 2024.
             Was a High Priest of Trog.
             Killed from afar by Azrael (31 damage)
             ... with a fireball
             ... on level 13 of the Dungeon.
             The game lasted 00:34:34 (12887 turns).

GiantSquids the Executioner (Hill Orc Berserker)   Turns: 12887, Time: 00:34:35

Health: -27/166    AC: 10    Str: 35    XL:     13   Next: 7%
Magic:  22/22      EV: 22    Int:  7    God:    Trog [*****.]
Gold:   736        SH:  0    Dex: 12    Spells: 12/12 levels left

rFire   . . .        a - +5 battleaxe (heavy)
rCold   . . .        (shield currently unavailable)
rNeg    . . .        k - +4 leather armour of Good Intentions {MP+9}
rPois   .            (no helmet)
rElec   .            (no cloak)
rCorr   .            n - +1 pair of gloves
SInv    .            (no boots)
Will    .....        K - amulet "Mosu" {Acrobat ^Drain Str+10 Dex+2 Stlth-} Stlth
                     c - +5 ring of evasion
HPRegen 0.47/turn    N - +5 ring of evasion
MPRegen 0.18/turn

%: acrobat
@: berserking, very quick
A: no striking features
a: Renounce Religion, Berserk, Trog's Hand, Brothers in Arms


You were on level 13 of the Dungeon.
You worshipped Trog.
Trog was extremely pleased with you.
You visited 2 branches of the dungeon, and saw 14 of its levels.

You collected 1398 gold pieces.
You spent 662 gold pieces at shops.

Inventory:

Hand Weapons
 a - a +5 heavy battleaxe (weapon)
 b - a +2 war axe of freezing
 s - a +3 scimitar of flaming
Missiles
 g - 2 javelins (quivered)
 q - 3 throwing nets
 M - 5 boomerangs
Armour
 k - the +4 leather armour of Good Intentions (worn) {MP+9}
   (You found it on level 4 of the Dungeon)

   MP+9:      It affects your magic capacity (+9).
 n - a +1 pair of gloves (worn)
Jewellery
 c - a +5 ring of evasion (left hand)
 l - a ring of see invisible
 C - a ring of protection from cold
 K - the amulet "Mosu" (around neck) {Acrobat ^Drain Str+10 Dex+2 Stlth-}
   (You bought it in a shop on level 4 of the Dungeon)

   [amulet of the acrobat]

   Acrobat:   It increases your evasion while moving and waiting.
   Str+10:    It affects your strength (+10).
   Dex+2:     It affects your dexterity (+2).
   ^Drain:    It drains your maximum health when unequipped.
   Stlth-:    It makes you less stealthy.
 N - a +5 ring of evasion (right hand)
Wands
 d - a wand of paralysis (19)
 m - a wand of flame (22)
 w - a wand of roots (10)
Scrolls
 f - 5 scrolls of teleportation
 h - 3 scrolls of enchant weapon
 i - 2 scrolls of fear
 j - 2 scrolls of torment
 o - a scroll of poison
 p - 3 scrolls of fog
 r - 2 scrolls of blinking
 x - a scroll of enchant armour
 y - a scroll of identify
 H - a scroll of vulnerability
 I - a scroll of silence
Potions
 e - a potion of resistance {unknown}
 t - 5 potions of curing
 u - 3 potions of lignification {unknown}
 v - a potion of might {unknown}
 A - a potion of mutation {unknown}
 B - a potion of magic {unknown}
 D - a potion of attraction
 E - a potion of invisibility {unknown}
 F - a potion of ambrosia {unknown}
 G - 3 potions of enlightenment
 L - a potion of berserk rage {unknown}


   Skills:
 + Level 9.5 Fighting
 + Level 24.0 Axes
 + Level 6.6 Armour
 + Level 2.6 Dodging


You had 12 spell levels left.
You didn't know any spells.
Your spell library was empty.

Dungeon Overview and Level Annotations

Branches:
Dungeon (13/15)            Temple (1/1) D:6            Lair (0/5) D:9
    Orc (0/2) D:11
 Vaults: D:13-14

Altars:
Ashenzari
Cheibriados
Dithmenos
Elyvilon
Fedhas
Gozag
Hepliaklqana
Kikubaaqudgha
Makhleb
Nemelex Xobeh
Okawaru
Qazlal
Ru
Sif Muna
Trog
Uskayaw
Vehumet
Wu Jian
Xom
Yredelemnul
Zin
The Shining One

Shops:
D:4 =   D:8 (   D:10 (

Annotations:
D:7 Duvessa
D:13 Azrael


Message History

The freezing wraith closely misses you.
The basilisk hisses angrily.
You hit the acid dragon but do no damage.
You slice the freezing wraith!! The acid dragon closely misses you.
The acid dragon misses you. The freezing wraith hits you.
The freezing wraith freezes you! The freezing wraith misses you.
You carve the acid dragon like a ham!!!
You kill the acid dragon!
Trog accepts your kill.
You slice the freezing wraith!!
You destroy the freezing wraith!
Trog accepts your kill.
The cyclops throws a large rock.
The large rock hits you!!
Azrael the Boundless Flame comes into view.
He is wielding a +3 scimitar of flaming.
Things that are here:
an acid dragon corpse; a hell hound corpse Azrael closely misses you.
Things that are here:
a +1 spear of freezing; a +0 scale mail; a gnoll corpse You open Azrael like a pillowcase!!!
Azrael is heavily wounded.
You hear a bark!
Azrael gestures at you.
The sphere of damnation explodes!
The damnation engulfs you!!!
* * * LOW HITPOINT WARNING * * *
The damnation engulfs Azrael.
Azrael completely resists.
The basilisk gazes at you.
You easily resist.
You feel much better. Azrael gestures at you.
The fireball explodes!
The fireball engulfs you!!
* * * LOW HITPOINT WARNING * * *
The fireball engulfs Azrael.
Azrael completely resists.
A hell hound comes into view.
The hell hound barks!
A red film seems to cover your vision as you go berserk!
You feel yourself moving faster!
You feel mighty! Azrael gestures at you.
The fireball explodes!
The fireball engulfs you!!
You die...

### ######## #..
......#
######.####.....##.
#.....)††.l........
#.####@####...[..##
#.# #R# #......#
#######.####(#
######.#
#..........h.# ..
#.#####.###### .
#.# #.#######
#.......# #######.#


You could see Azrael, a basilisk and a hell hound.

Vanquished Creatures
  2 ogre magi (D:10)
  10 two-headed ogres
  2 tengu warriors (D:10)
  An occultist (D:10)
  A glowing orange brain (D:10)
  Pikel (D:7)
  2 cyclopes
  An elephant (D:9)
  A meliai (shapeshifter) (D:13)
  Joseph (D:8)
  A gargoyle (D:9)
  Jeremiah (D:7)
  A freezing wraith (D:13)
  2 unseen horror zombies (D:9)
  Psyche (D:12)
  2 kobold demonologists (D:10)
  An unseen horror skeleton (D:9)
  An efreet (D:11)
  A komodo dragon (D:13)
  A rime drake (shapeshifter) (D:10)
  A troll (D:12)
  Prince Ribbit (D:8)
  A slime creature (D:10)
  A vampire (D:10)
  Sigmund (D:3)
  A shadow (D:11)
  3 wyverns
  2 wraiths
  7 yaks
  A basilisk (D:9)
  5 vampire mosquitoes (D:10)
  3 water moccasins
  An acid dragon (D:13)
  2 hell hounds (D:13)
  6 orc warriors
  2 black bears
  A sky beast (D:7)
  2 ogres (D:6)
  3 centaurs
  2 phantoms
  A lemure (D:7)
  A kobold brigand (D:10)
  3 bullfrogs
  4 gnoll sergeants
  2 scorpions
  A wyvern zombie (D:9)
  11 wights
  Dowan (D:7)
  7 killer bees (D:9)
  4 howler monkeys
  A bombardier beetle (D:5)
  3 centaur zombies (D:9)
  2 hounds
  A human zombie (D:9)
  4 jellies
  2 centaur skeletons (D:9)
  5 orc priests
  3 gnoll boudas
  A sleepcap (D:5)
  4 iguanas
  Natasha (thrice) (D:3)
  20 orc wizards
  8 adders
  24 gnolls
  A howler monkey skeleton (D:9)
  A white imp (D:6)
  4 ufetubi
  2 dart slugs (D:3)
  2 ribbon worms (D:2)
  35 orcs
  4 endoplasms
  5 giant cockroaches
  5 goblins
  4 hobgoblins
  8 jackals
  5 quokkas
  2 ball pythons
  5 bats
  A frilled lizard (D:1)
  11 kobolds
  7 rats
298 creatures vanquished.

Vanquished Creatures (others)
  An orc wizard (D:10)
1 creature vanquished.

Grand Total: 299 creatures vanquished

Notes
Turn   | Place    | Note
-------+----------+-------------------------------------------
     0 | D:1      | GiantSquids the Hill Orc Berserker began the quest for the
                  | Orb.
     0 | D:1      | Reached XP level 1. HP: 19/19 MP: 1/1
   158 | D:1      | Reached XP level 2. HP: 16/27 MP: 2/2
   186 | D:1      | Found a faded altar of an unknown god.
   517 | D:1      | Reached XP level 3. HP: 29/33 MP: 3/3
  1006 | D:2      | Reached ** piety under Trog
  1099 | D:2      | Reached skill level 5 in Axes
  1748 | D:3      | Reached XP level 4. HP: 40/40 MP: 4/4
  1854 | D:3      | Noticed Natasha
  1868 | D:3      | Killed Natasha
  2015 | D:3      | Reached XP level 5. HP: 47/47 MP: 5/5
  2061 | D:3      | Reached skill level 6 in Axes
  2187 | D:3      | Noticed Sigmund
  2203 | D:3      | Killed Sigmund
  2204 | D:3      | Reached skill level 5 in Fighting
  2204 | D:3      | Reached skill level 7 in Axes
  2204 | D:3      | Reached XP level 6. HP: 44/56 MP: 6/6
  2444 | D:3      | Noticed Natasha
  2453 | D:3      | Killed Natasha
  2560 | D:3      | Noticed Natasha
  2565 | D:3      | Killed Natasha
  2577 | D:4      | Found a burning altar of Makhleb.
  3015 | D:4      | Found Fausanes's Jewellery Boutique.
  3152 | D:4      | Reached XP level 7. HP: 18/61 MP: 7/7
  3502 | D:4      | Identified the +4 leather armour of Good Intentions {MP+9}
  3632 | D:4      | Reached skill level 8 in Axes
  3714 | D:4      | You fall into a shaft and drop 2 floors!
  3725 | D:6      | Found a staircase to the Ecumenical Temple.
  3776 | Temple   | Entered the Ecumenical Temple
  3980 | D:6      | Reached skill level 5 in Armour
  4000 | D:6      | Reached skill level 9 in Axes
  4004 | D:6      | Reached XP level 8. HP: 43/68 MP: 8/8
  4134 | D:6      | Reached *** piety under Trog
  4303 | D:6      | Reached skill level 10 in Axes
  4379 | D:5      | Entered Level 5 of the Dungeon
  4598 | D:4      | Found a radiant altar of Vehumet.
  5077 | D:5      | Found an iron altar of Okawaru.
  5095 | D:5      | Found an opulent altar of Gozag.
  5264 | D:5      | Found a white marble altar of Elyvilon.
  5486 | D:5      | Reached skill level 11 in Axes
  5800 | D:6      | Found a blossoming altar of Fedhas.
  6086 | D:6      | Reached XP level 9. HP: 37/80 MP: 9/9
  6478 | D:7      | Noticed Jeremiah
  6506 | D:7      | Killed Jeremiah
  6507 | D:7      | Reached skill level 12 in Axes
  6601 | D:7      | Noticed Pikel
  6610 | D:7      | Killed Pikel
  6611 | D:7      | Reached skill level 13 in Axes
  6650 | D:7      | Noticed Duvessa
  6755 | D:7      | Noticed Dowan
  6760 | D:7      | Killed Dowan
  6769 | D:7      | Reached skill level 14 in Axes
  6893 | D:7      | Reached **** piety under Trog
  6894 | D:7      | Reached XP level 10. HP: 91/91 MP: 10/10
  6912 | D:7      | Found a shadowy altar of Dithmenos.
  7105 | D:8      | Noticed Prince Ribbit
  7130 | D:8      | Killed Prince Ribbit
  7131 | D:8      | Reached skill level 15 in Axes
  7235 | D:8      | Noticed Joseph
  7253 | D:8      | Killed Joseph
  7524 | D:8      | Found Gazuloapill's Weapon Shoppe.
  7928 | D:9      | Noticed a two-headed ogre
  7928 | D:9      | Noticed a gargoyle
  7954 | D:9      | Noticed an elephant
  7960 | D:9      | Reached skill level 16 in Axes
  7967 | D:9      | Killed an elephant
  7983 | D:9      | Reached skill level 17 in Axes
  8089 | D:9      | Killed a gargoyle
  8091 | D:9      | Found a staircase to the Lair.
  8160 | D:9      | Reached ***** piety under Trog
  8219 | D:9      | Noticed a two-headed ogre
  8224 | D:9      | Killed a two-headed ogre
  8225 | D:9      | Reached skill level 18 in Axes
  8225 | D:9      | Reached XP level 11. HP: 97/97 MP: 11/11
  8409 | D:9      | Killed a two-headed ogre
  8491 | D:9      | Noticed a two-headed ogre
  8504 | D:9      | Killed a two-headed ogre
  8505 | D:9      | Reached skill level 19 in Axes
  8976 | D:9      | Found an ancient bone altar of Kikubaaqudgha.
  9088 | D:10     | Entered Level 10 of the Dungeon
  9119 | D:10     | Reached skill level 20 in Axes
  9133 | D:10     | Found a basalt altar of Yredelemnul.
  9182 | D:10     | Found a sacrificial altar of Ru.
  9385 | D:10     | Found Wauhaxa's Antique Weapon Emporium.
 10065 | D:11     | Found a shimmering blue altar of Sif Muna.
 10161 | D:11     | Noticed a two-headed ogre
 10171 | D:11     | Killed a two-headed ogre
 10172 | D:11     | Reached skill level 21 in Axes
 10296 | D:10     | Noticed a two-headed ogre
 10296 | D:10     | Noticed a two-headed ogre
 10301 | D:10     | Killed a two-headed ogre
 10302 | D:10     | Reached XP level 12. HP: 104/104 MP: 12/12
 10307 | D:10     | Killed a two-headed ogre
 10349 | D:10     | Noticed a tengu warrior
 10350 | D:10     | Noticed an ogre mage
 10357 | D:10     | Killed an ogre mage
 10357 | D:10     | Killed a tengu warrior
 10365 | D:10     | Noticed a tengu warrior
 10365 | D:10     | Noticed an occultist
 10386 | D:10     | Killed an occultist
 10387 | D:10     | Reached skill level 22 in Axes
 10393 | D:10     | Killed a tengu warrior
 10821 | D:10     | Noticed a two-headed ogre
 10846 | D:10     | Killed a two-headed ogre
 10847 | D:10     | Reached skill level 23 in Axes
 11080 | D:10     | Noticed an ogre mage
 11080 | D:10     | Noticed a two-headed ogre
 11089 | D:10     | Killed an ogre mage
 11091 | D:10     | Killed a two-headed ogre
 11165 | D:11     | Noticed a two-headed ogre
 11241 | D:10     | Killed a two-headed ogre
 11414 | D:11     | Found a staircase to the Orcish Mines.
 11856 | D:4      | Bought the amulet "Mosu" {Acrobat ^Drain Str+10 Dex+2
                  | Stlth-} for 662 gold pieces
 12107 | D:12     | Noticed a two-headed ogre
 12115 | D:12     | Killed a two-headed ogre
 12506 | D:12     | Noticed Psyche
 12510 | D:12     | Killed Psyche
 12510 | D:12     | Received a gift from Trog
 12852 | D:13     | Reached XP level 13. HP: 90/111 MP: 13/13
 12880 | D:13     | Reached skill level 24 in Axes
 12883 | D:13     | Noticed Azrael
 12886 | D:13     | HP: 2/111 [Azrael/fireball (32)]
 12887 | D:13     | Killed from afar by Azrael

Illustrated notes

Levels and vault maps discovered:
D:1:      spicycebolla_arrival_clurvy, layout_loops_cross,
          dreamdust_ecumenical_altar_angels_and_demons, columned_hall_lemuel,
          chequers_serial_rivers_micro_b, bh_walls_and_bars
D:2:      minmay_door_path, layout_basic
D:3:      layout_rooms, uniq_sigmund, uniq_natasha
D:4:      layout_layer_cave, overflow_temple_1_default, bloody_makhleb,
          serial_shops, shop
D:5:      layout_cave_pods, grunt_gozag_statues,
          mainiacjoe_overflow_cross_hatched,
          mainiacjoe_overflow_small_starburst, hex_medium
D:6:      layout_gridville, mainiacjoe_overflow_paths,
          minmay_temple_entry_sparse_star
D:7:      layout_basic, lemuel_crystal_altar, uniq_pikel, uniq_duvessa,
          uniq_jeremiah
D:8:      layout_basic, serial_shops, shop, minmay_misc_feat_rugged,
          uniq_prince_ribbit1, uniq_joseph
D:9:      minmay_s_stair_smasher, layout_rooms,
          lemuel_mausoleum_altar_kikubaaqudgha, david_lair_generic,
          serial_curves, eino_curves_02, eino_curves_01,
          kennysheep_cross_bottleneck
D:10:     minmay_klotski, layout_long_grid, nicolae_ru_path_of_blood,
          amcnicky_altar_gilded, serial_shops, shop
D:11:     layout_cave_pools, orc_0_dummy, nicolae_sif_muna_condensation
D:12:     layout_roguey, uniq_psyche
D:13:     layout_loops_ring, uniq_azrael, uniq_josephine
Temple:   hellmonk_temple_forest_ring

Skill      XL: |  1  2  3  4  5  6  7  8  9 10 11 12 13 |
---------------+----------------------------------------+-----
Fighting       | 4 5 6 7 9 |  9.5
Axes           | 5 7 9 11 14 18 21 23 24 | 24.0
Armour         | 3 4 5 6 |  6.6
Dodging        | 2 |  2.6

Action                     |  1- 3 |  4- 6 |  7- 9 | 10-12 | 13-15 || total
---------------------------+-------+-------+-------+-------+-------++-------
  Melee: Hand axe          |   140 |   123 |    97 |       |       ||   360
         Punch             |     1 |     1 |     4 |     1 |       ||     7
         War axe           |       |       |   149 |   430 |       ||   579
         Battleaxe         |       |       |       |     4 |    15 ||    19
 Invoke: Berserk           |       |     2 |     6 |     5 |     1 ||    14
    Use: Potion            |       |     1 |     3 |     1 |     1 ||     6
         Scroll            |       |       |     8 |     5 |       ||    13
   Stab: Distracted        |       |       |     1 |       |       ||     1
 Armour: Animal skin       |    57 |    46 |    10 |       |       ||   113
         Leather armour    |       |       |   120 |   215 |     9 ||   344
  Dodge: Dodged            |   138 |   101 |   198 |   276 |    22 ||   735
  Block: Buckler           |       |       |       |    81 |       ||    81
